 Dungeon Crawl Stone Soup version 0.19.1 (webtiles) character file.

191 esteth the Magician (level 5, -4/28 HPs)
             Began as a Deep Elf Fire Elementalist on Dec 17, 2016.
             Killed by divine providence
             ... invoked by an orc priest
              (10 damage)
             ... on level 3 of the Dungeon.
             The game lasted 00:06:05 (2194 turns).

esteth the Magician (Deep Elf Fire Elementalist)    Turns: 2194, Time: 00:06:06

Health: -4/28      AC:  2    Str:  5    XL:     5   Next: 42%
Magic:  11/13      EV: 13    Int: 21    God:
Gold:   143        SH:  0    Dex: 15    Spells: 2 memorised, 9 levels left

rFire  . . .     SeeInvis .     (no weapon)
rCold  . . .     Gourm    .     a - +0 robe
rNeg   . . .     Faith    .     (no shield)
rPois  .         Spirit   .     (no helmet)
rElec  .         Reflect  .     (no cloak)
rCorr  .         Harm     .     (no gloves)
MR     .....                    (no boots)
Stlth  ++........               i - amulet of magic regeneration
                                (no ring)
                                (no ring)

@: no status effects
A: no striking features
a: no special abilities


You were on level 3 of the Dungeon.
You were hungry.

You visited 1 branch of the dungeon, and saw 3 of its levels.

You collected 143 gold pieces.

Inventory:

Hand Weapons
 q - a +1 hunting sling of flaming
Armour
 a - a +0 robe (worn)
 r - a +0 shield
Jewellery
 i - an amulet of magic regeneration (around neck)
Scrolls
 g - 3 scrolls of teleportation {unknown}
 k - 3 scrolls of remove curse {unknown}
 m - a scroll of identify {unknown}
 s - a scroll of enchant armour {unknown}
Potions
 e - a potion of degeneration {unknown}
 f - a potion of might {unknown}
 h - 4 potions of lignification {unknown}
 j - a potion of cure mutation {unknown}
 l - 2 potions of agility {unknown}
 o - a potion of cancellation {unknown}
Books
 b - a book of Flames

   Spells                             Type                      Level
   a - Flame Tongue                   Conjuration/Fire             1
   b - Throw Flame                    Conjuration/Fire             2
   c - Conjure Flame                  Conjuration/Fire             3
   d - Inner Flame                    Hexes/Fire                   3
   e - Sticky Flame                   Conjuration/Fire             4
   f - Fireball                       Conjuration/Fire             5
Comestibles
 c - 2 bread rations
 d - a royal jelly
 n - 2 beef jerkies
 p - 2 meat rations


   Skills:
 - Level 3.2 Dodging
 - Level 3.0 Stealth
 + Level 4.6 Spellcasting
 + Level 3.3 Conjurations
 + Level 4.4 Fire Magic


You had 9 spell levels left.
You knew the following spells:

 Your Spells              Type           Power        Failure   Level  Hunger
a - Flame Tongue          Conj/Fire      ###..        1%          1    None
b - Conjure Flame         Conj/Fire      ###.....     10%         3    ##.....


Dungeon Overview and Level Annotations

Branches:
Dungeon (3/15)

Altars:
Okawaru
Qazlal


Message History

c - 2 bread rations (gained 1)
Okay, then.
You see here a scroll labeled VAL QIXZEASOA.
Casting: Flame Tongue
Confirm with . or Enter, or press ? or * to list all spells.
Aiming: Flame Tongue
Press: ? - help, Shift-Dir - straight line, f - orc priest
Aim: an orc priest, wielding a hand axe and wearing a leather armour The flame tongue hits the orc priest.
The orc priest is moderately wounded.
Casting: Flame Tongue
Confirm with . or Enter, or press ? or * to list all spells.
Aiming: Flame Tongue
Press: ? - help, Shift-Dir - straight line, f/p - orc priest
Aim: an orc priest, wielding a hand axe and wearing a leather armour (moderately wounded)
The flame tongue hits the orc priest.
The orc priest is heavily wounded.
The orc priest mumbles some strange prayers to Beogh against you.
Beogh smites you!
You die...

#% #. #. ####### #.
#...... #. #......
#. #....).
#.############......
#..@.#.......'......
####.#.#######......
..#o#......##......
#.#.#>.....##......
#.#.#......########
#.#.#......#
#.####.#)#.######
#......).#.#
############...#.#


You could see an orc priest.

Vanquished Creatures
  An orc priest (D:3)
  Natasha (thrice) (D:2)
  2 adders (D:2)
  2 dart slugs
  A leopard gecko (D:1)
  2 orcs (D:3)
  A giant cockroach (D:3)
  13 goblins
  12 hobgoblins
  2 jackals (D:3)
  A quokka (D:2)
  7 bats
  5 frilled lizards
  8 kobolds
  5 rats
65 creatures vanquished.

Notes
Turn   | Place    | Note
-------+----------+-------------------------------------------
     0 | D:1      | esteth the Deep Elf Fire Elementalist began the quest for the Orb.
     0 | D:1      | Reached XP level 1. HP: 10/10 MP: 6/6
   141 | D:1      | Reached XP level 2. HP: 15/15 MP: 6/8
   566 | D:2      | Reached XP level 3. HP: 19/19 MP: 7/9
   591 | D:2      | Learned a level 3 spell: Conjure Flame
  1052 | D:2      | Noticed Natasha
  1064 | D:2      | Killed Natasha
  1064 | D:2      | Reached XP level 4. HP: 15/24 MP: 7/11
  1231 | D:2      | Noticed Natasha
  1237 | D:2      | Killed Natasha
  1482 | D:2      | Noticed Natasha
  1484 | D:2      | Killed Natasha
  1621 | D:3      | Found a stormy altar of Qazlal.
  1767 | D:3      | Found an iron altar of Okawaru.
  1782 | D:3      | Reached XP level 5. HP: 21/28 MP: 9/13
  2194 | D:3      | Killed from afar by an orc priest

Skill      XL: |  1  2  3  4  5 |
---------------+----------------+-----
Dodging        | 3 |  3.2
Stealth        | 3 |  3.0
Conjurations   | 2 3 |  3.3
Spellcasting   | 4 |  4.6
Fire Magic     | 4 |  4.4

Action                   |  1- 3 |  4- 6 || total
-------------------------+-------+-------++-------
Melee: Unarmed           |     1 |       ||     1
 Cast: Flame Tongue      |    48 |    58 ||   106
  Eat: Chunk             |       |     3 ||     3
Armor: Robe              |       |     2 ||     2
Dodge: Dodged            |    13 |    13 ||    26
